 Dungeon Crawl Stone Soup version 0.22.0-75-g3901e7991e (webtiles) character file.

263022 Peloso the Hoplite (level 19, -16/179 HPs)
             Began as a Minotaur Fighter on Sept 14, 2018.
             Was the Champion of Okawaru.
             Killed from afar by a hellion (19 damage)
             ... with damnation
             ... summoned by a deep elf demonologist
             ... on level 3 of the Elven Halls.
             The game lasted 02:09:43 (42625 turns).

Peloso the Hoplite (Minotaur Fighter)              Turns: 42625, Time: 02:09:49

Health: -16/179    AC: 41    Str: 29    XL:     19   Next: 24%
Magic:  19/19      EV:  9    Int:  5    God:    Okawaru [******]
Gold:   3021       SH: 26    Dex: 18    Spells: 18/18 levels left

rFire    + . .     SeeInvis .   b - +9 long sword of Sharkskin {flame, Dex+5}
rCold    . . .     Gourm    .   c - +0 large shield {rN+}
rNeg     + + +     Faith    +   Q - +9 scales of the Dragon King {rPois rF+ rC+ MR+}
rPois    +         Spirit   .   Z - +1 hat "Hoxkov" {rElec rC- rN++ Str+2}
rElec    +         Reflect  .   m - +0 cloak "Duwk" {Stlth+}
rCorr    .         Harm     .   F - +2 pair of gloves {Str+3}
MR       ++...                  V - +2 pair of boots {Fly}
Stlth    ..........             R - amulet of faith
HPRegen  0.39/turn              (no ring)
MPRegen  0.16/turn              (no ring)

@: flying, very slightly contaminated
A: retaliatory headbutt, horns 2, blurry vision 1, weak 1, sturdy frame 1
}: 2/15 runes: decaying, gossamer
a: Heroism, Finesse, Renounce Religion, Stop Flying


You were on level 3 of the Elven Halls.
You worshipped Okawaru.
Okawaru was exalted by your worship.
You were not hungry.

You visited 7 branches of the dungeon, and saw 35 of its levels.
You visited the Abyss 1 time.
You also visited: Labyrinth and Sewer.

You collected 3309 gold pieces.
You spent 288 gold pieces at shops.

Inventory:

Hand Weapons
 a - the +6 double sword "Killer Klown's Regret" {drain, rC- Int+7 Dex+8}
   (Okawaru gifted it to you on level 15 of the Dungeon)

   A truly terrible weapon, it drains the life of those it strikes.
   It affects your intelligence (+7).
   It affects your dexterity (+8).
   It makes you vulnerable to cold.
 b - the +9 long sword of Sharkskin (weapon) {flame, Dex+5}
   (Okawaru gifted it to you on level 2 of the Orcish Mines)

   It has been specially enchanted to burn those struck by it, causing extra
   injury to most foes and up to half again as much damage against particularly
   susceptible opponents.
   Big, fiery blades are also staple armaments of hydra-hunters.
   It affects your dexterity (+5).
 o - a +3 demon blade of electrocution
 J - the +1 falchion of a Thousand Planets {slice, rElec}
   (Okawaru gifted it to you on level 1 of the Elven Halls)

   It inflicts extra damage upon your enemies.
   It insulates you from electricity.
 U - the +6 long sword of Miraff {drain, Str+3 Int-5 Dex+6, unknown}
   (Okawaru gifted it to you on level 3 of the Elven Halls)

   A truly terrible weapon, it drains the life of those it strikes.
   It affects your strength (+3).
   It affects your intelligence (-5).
   It affects your dexterity (+6).
Armour
 c - a +0 large shield of positive energy (worn)
 m - the +0 cloak "Duwk" (worn) {Stlth+}
   (You found it on level 2 of the Elven Halls)

   It makes you more stealthy.
 F - a +2 pair of gloves of strength (worn)
 Q - the +9 scales of the Dragon King (worn) {rPois rF+ rC+ MR+}
   (You found it on level 14 of the Dungeon)

   It protects you from fire.
   It protects you from cold.
   It protects you from poison.
   It affects your resistance to hostile enchantments.
 V - a +2 pair of boots of flying (worn)
 Z - the +1 hat "Hoxkov" (worn) {rElec rC- rN++ Str+2}
   (Okawaru gifted it to you on level 2 of the Spider Nest)

   It affects your strength (+2).
   It makes you vulnerable to cold.
   It insulates you from electricity.
   It greatly protects you from negative energy.
Jewellery
 l - an uncursed ring of protection from magic
 p - an uncursed ring of protection from cold
 t - an uncursed amulet of regeneration
 v - a +2 amulet of reflection
 I - a +5 ring of dexterity
 K - a cursed -2 ring of intelligence
 M - a +6 ring of intelligence
 O - an uncursed ring of resist corrosion
 R - an amulet of faith (around neck)
Wands
 k - a wand of disintegration (15)
 s - a wand of polymorph (13)
 C - a wand of digging (2)
 L - a wand of scattershot (5)
Scrolls
 e - 9 scrolls of identify
 g - a scroll of enchant weapon
 j - 16 scrolls of teleportation
 n - a scroll of amnesia
 q - 16 scrolls of remove curse
 w - a scroll of acquirement
 x - 5 scrolls of fear
 y - 5 scrolls of magic mapping
 A - a scroll of blinking
 B - 2 scrolls of summoning
 G - a scroll of noise
 H - a scroll of enchant armour
 P - a scroll of fog
Potions
 d - 3 potions of might
 h - 9 potions of heal wounds
 i - 15 potions of curing
 r - 4 potions of agility
 u - 5 potions of haste
 z - 3 potions of invisibility
 E - 5 potions of ambrosia
 N - 3 potions of resistance
 S - a potion of berserk rage
Miscellaneous
 D - a sack of spiders
Comestibles
 f - 43 rations
 T - 2 chunks of flesh


   Skills:
 + Level 18.1 Fighting
 + Level 19.0 Long Blades
   Level 0.1 Axes
 + Level 17.8 Armour
 + Level 3.7 Dodging
 + Level 2.8 Stealth
 + Level 23.6 Shields
 + Level 1.4 Invocations
 + Level 1.5 Evocations


You had 18 spell levels left.
You didn't know any spells.
Your spell library contained the following spells:

 Spells                   Type           Power        Failure   Level  Hunger
 Confusing Touch          Hex            #.....       99%         1    ##.....
 Flame Tongue             Conj/Fire      #....        99%         1    ##.....
 Infusion                 Chrm           #...         99%         1    ##.....
 Magic Dart               Conj           #...         99%         1    ##.....
 Blink                    Tloc           N/A          100%        2    ###....
 Call Imp                 Summ           #.......     100%        2    ###....
 Passwall                 Tmut/Erth      #.......     100%        2    ###....
 Shroud of Golubria       Chrm/Tloc      #.........   100%        2    ###....
 Slow                     Hex            #.......     100%        2    ###....
 Song of Slaying          Chrm           #.......     100%        2    ###....
 Swiftness                Chrm/Air       #.......     100%        2    ###....
 Throw Flame              Conj/Fire      #.....       100%        2    ###....
 Conjure Flame            Conj/Fire      #.......     100%        3    ####...
 Dazzling Spray           Conj/Hex       #.....       100%        3    ####...
 Ignite Poison            Fire/Tmut/Pois #.......     100%        3    ####...
 Inner Flame              Hex/Fire       #.......     100%        3    ####...
 Mephitic Cloud           Conj/Pois/Air  #.......     100%        3    ####...
 Portal Projectile        Hex/Tloc       #.....       100%        3    ####...
 Recall                   Summ/Tloc      N/A          100%        3    ####...
 Regeneration             Chrm/Necr      #.........   100%        3    ####...
 Spectral Weapon          Hex/Chrm       #.......     100%        3    ####...
 Static Discharge         Conj/Air       #.......     100%        3    ####...
 Cause Fear               Hex            #.........   100%        4    #####..
 Leda's Liquefaction      Hex/Erth       #.........   100%        4    #####..
 Passage of Golubria      Tloc           N/A          100%        4    #####..
 Sticky Flame             Conj/Fire      #.......     100%        4    #####..
 Aura of Abjuration       Summ           #.........   100%        5    ######.
 Bolt of Magma            Conj/Fire/Erth #.........   100%        5    ######.
 Fireball                 Conj/Fire      #.........   100%        5    ######.
 Irradiate                Conj/Tmut      #.........   100%        5    ######.
 Lee's Rapid Deconstruct  Erth           #.........   100%        5    ######.
 Lightning Bolt           Conj/Air       #.........   100%        5    ######.
 Summon Demon             Summ           #.........   100%        5    ######.
 Summon Forest            Summ/Tloc      #.........   100%        5    ######.
 Summon Mana Viper        Hex/Summ       #.......     100%        5    ######.
 Bolt of Fire             Conj/Fire      #.........   100%        6    #######
 Darkness                 Hex            #.........   100%        6    #######
 Hydra Form               Tmut           #.........   100%        6    #######
 Invisibility             Hex            #.......     100%        6    #######
 Iron Shot                Conj/Erth      #.........   100%        6    #######
 Shadow Creatures         Summ           N/A          100%        6    #######
 Statue Form              Tmut/Erth      #........    100%        6    #######
 Dragon Form              Tmut           #.........   100%        7    #######
 Ring of Flames           Chrm/Fire      #.........   100%        7    #######
 Ignition                 Fire           #.........   100%        8    #######
 Dragon's Call            Summ           #.........   100%        9    #######
 Shatter                  Erth           #.........   100%        9    #######
 Tornado                  Air            #.........   100%        9    #######


Dungeon Overview and Level Annotations

Branches:
Dungeon (15/15)            Temple (1/1) D:5            Lair (6/6) D:9
  Swamp (4/4) Lair:2       Spider (4/4) Lair:2        Slime (0/5) Lair:5
    Orc (2/2) D:11            Elf (3/3) Orc:2        Vaults (0/5) D:14
 Depths (0/5) D:15

Altars:
Ashenzari
Cheibriados
Dithmenos
Elyvilon
Fedhas
Gozag
Hepliaklqana
Makhleb
Nemelex Xobeh
Okawaru
Qazlal
Trog
Uskayaw
Vehumet
Wu Jian
Yredelemnul
Zin

Shops:
D:13 *   Orc:2 (%?*   Elf:1 [   Elf:3 =

Portals:
Trove: Elf:3 (show slimy rune of Zot)

Annotations:
D:9 exclusion: ice statue


Innate Abilities, Weirdness & Mutations

You reflexively headbutt those who attack you in melee.
You have a pair of horns on your head.
Scrolls take you a little longer to read.
You are weak. (Str -2)
Your movements are slightly less encumbered by armour. (ER -2)


Message History

You block the smoke demon's attack. x2; The smoke demon barely misses you.
The deep elf master archer shoots an arrow.
The arrow hits you!!
* * * LOW HITPOINT WARNING * * *
The earth elemental hits you!
* * * LOW HITPOINT WARNING * * *
The earth elemental hits you.
* * * LOW HITPOINT WARNING * * *
Blink to where?
Press: ? - help, Dir - move target cursor You are very lightly contaminated with residual magic.
As you read the scroll of blinking, it crumbles to dust.
You feel much better. The hellion gestures at you.
The sphere of damnation explodes!
The damnation engulfs you!
* * * LOW HITPOINT WARNING * * *
Some walls begin to move on their own!
The hellion gestures at you.
The sphere of damnation explodes!
The damnation engulfs you!
You die...

#.#*,*********#(#****
#(#*,,,,,,,,,*#3#*,,,
#.#*,,,,,,,,,*#)#*,,,
#(#*,,,,,,,,,*#)#*,,,
#.#*,,,,,,,,,*#)#*,,,
#.#**********##E##***
#.# ##e*.#*
#)###########e4#..#
#...@...E.3e.e###.#
#######..EEeE## *##
###2EEEE# #######


You could see a deep elf master archer, a deep elf demonologist, 5 earth
elementals, a smoke demon and a hellion.

Vanquished Creatures
  the Lernaean hydra (Swamp:4)
  Jorgrun (Spider:3)
  A lich (Abyss:4)
  2 tentacled starspawn (Abyss:4)
  The ghost of Xuaf the Slayer, an adept MiBe of Trog (Swamp:3)
  Gastronok (Lair:3)
  2 thorn hunters (Swamp:3)
  Agnes (Spider:3)
  Roxanne (Spider:4)
  2 deep elf sorcerers (Elf:3)
  A cacodemon (Abyss:4)
  5 ghost moths
  5 emperor scorpions
  A deep elf elementalist (Elf:1)
  An entropy weaver (Spider:1)
  2 deep elf demonologists (Elf:3)
  5 dire elephants (Lair:6)
  A minotaur (Lab)
  Azrael (Elf:2)
  2 spark wasps (Spider:4)
  2 deep elf death magi
  A deep elf high priest (Elf:3)
  A rakshasa (D:15)
  25 hydras
  Fannar (Lair:1)
  Erolcha (Orc:2)
  2 ghost crabs (Swamp:3)
  4 vault guards (D:14)
  14 alligators
  An anaconda (Lair:6)
  7 two-headed ogres
  2 catoblepae
  Erica (D:9)
  24 dancing weapons
  4 centaur warriors
  4 orc high priests
  An ogre mage (D:15)
  A tengu warrior (D:14)
  19 deep elf knights
  2 fire crabs (shapeshifter)
  5 unseen horrors
  An unseen horror (shapeshifter) (D:15)
  A death drake (shapeshifter) (D:15)
  2 shambling mangroves
  A spriggan druid (Swamp:3)
  A glowing orange brain (D:15)
  11 swamp dragons
  13 deep elf archers
  An orange crystal statue (Elf:1)
  An orc knight (D:15)
  28 wolf spiders
  15 ugly things
  3 orc sorcerers (Orc:2)
  14 orb spiders
  6 oklob plants (Lair:6)
  3 manticores
  59 deep elf magi
  4 cyclopes
  Maurice (D:10)
  A worldbinder (Abyss:4)
  2 moths of wrath (Spider:4)
  4 elephants (Lair:6)
  An orange demon (Abyss:4)
  5 centaur skeletons
  3 black mambas
  A torpor snail (Spider:3)
  16 spiny frogs
  A gargoyle (D:14)
  A kobold demonologist (D:15)
  10 komodo dragons
  A freezing wraith (D:15)
  A tengu conjurer (D:14)
  14 demonic crawlers
  A harpy zombie (D:15)
  13 tyrant leeches
  24 hornets
  A meliai (D:14)
  A polar bear (Lair:2)
  3 trolls
  25 jumping spiders
  Prince Ribbit (D:7)
  29 slime creatures
  A dream sheep (shapeshifter) (D:15)
  4 bog bodies
  35 blink frogs
  2 air elementals (Elf:1)
  A centaur simulacrum (D:14)
  41 redbacks
  8 hippogriffs
  6 spriggans
  A ynoxinul (Abyss:4)
  4 shadows
  3 water elementals
  27 yaks
  A spriggan (shapeshifter) (D:15)
  A human (D:7)
  17 tarantellas
  4 wyverns
  2 basilisks
  7 fire elementals
  Grum (D:10)
  A basilisk (shapeshifter) (D:14)
  A steam dragon (D:8)
  3 hogs (D:7)
  18 vampire mosquitoes
  2 hungry ghosts
  A neqoxec (Abyss:4)
  Menkaure (D:4)
  15 swamp worms
  4 wargs
  3 large abominations (Abyss:4)
  2 acid dragons
  23 insubstantial wisps
  A small abomination (Abyss:4)
  3 water moccasins (Lair:6)
  2 hell hounds (Elf:2)
  6 porcupines
  Purgy (Sewer)
  11 swamp drakes
  4 sky beasts
  An eye of draining (D:14)
  4 necrophages (Lair:2)
  16 ogres
  24 orc warriors
  3 black bears
  3 ice beasts
  4 phantoms
  6 centaurs
  14 wolves
  9 crocodiles
  3 big kobolds
  20 bullfrogs
  4 earth elementals
  2 wyvern skeletons
  4 scorpions
  11 killer bees
  A troll skeleton (Lab)
  4 wights (D:8)
  2 electric eels
  5 howler monkeys
  4 lava snakes (Lab)
  8 crimson imps
  5 centaur zombies
  3 bullfrog zombies
  9 starcursed masses (Abyss:4)
  2 quasits
  38 orc priests
  2 gnoll shamans
  5 hounds
  8 jellies
  39 orc wizards
  4 bullfrog skeletons
  3 iguanas
  11 worker ants
  2 hound skeletons
  A hound zombie (D:11)
  Robin (D:2)
  8 gnolls
  12 adders
  2 shadow imps
  An ooze (Lair:5)
  2 adder skeletons (D:5)
  5 worms
  3 dart slugs
  6 leopard geckos
  111 orcs
  12 giant cockroaches
  12 goblins
  12 hobgoblins
  10 jackals
  20 kobolds
  7 quokkas
  A ball python (D:4)
  3 bats
  2 frilled lizards (Sewer)
  2 leopard gecko skeletons
  12 rats
  3 briar patches (Swamp:3)
  3 fungi
  6 plants
  A starspawn tentacle (Abyss:4)
1292 creatures vanquished.

Vanquished Creatures (others)
  An orb spider (Spider:4)
  A wolf spider (D:14)
  A cyclops (D:11)
  A spiny frog (Swamp:4)
  A jumping spider (Spider:4)
  A blink frog (Swamp:3)
  A redback (Spider:4)
  3 swamp drakes
  A centaur (D:11)
  An orc (Orc:2)
  11 bushes (Lair:4)
  A fire vortex (D:15)
  9 fungi
  4 plants
  4 starspawn tentacles (Abyss:4)
  12 toadstools (Swamp:3)
53 creatures vanquished.

Grand Total: 1345 creatures vanquished

Notes
Turn   | Place    | Note
-------+----------+-------------------------------------------
     0 | D:1      | Peloso the Minotaur Fighter began the quest for the Orb.
     0 | D:1      | Reached XP level 1. HP: 19/19 MP: 0/0
   103 | D:1      | Reached XP level 2. HP: 26/27 MP: 1/1
   471 | D:1      | Reached XP level 3. HP: 33/33 MP: 2/2
   810 | D:2      | Noticed Robin
   823 | D:2      | Reached skill level 4 in Shields
   837 | D:2      | Killed Robin
  1329 | D:2      | Found a glowing silver altar of Zin.
  1526 | D:2      | Reached XP level 4. HP: 35/41 MP: 3/3
  1528 | D:2      | Found a hide-covered altar of Uskayaw.
  1746 | D:3      | Found a basalt altar of Yredelemnul.
  1852 | D:3      | Found a faded altar of an unknown god.
  1906 | D:3      | Found a sparkling altar of Nemelex Xobeh.
  1999 | D:3      | Found a shadowy altar of Dithmenos.
  2010 | D:3      | Reached skill level 1 in Stealth
  2225 | D:4      | Reached XP level 5. HP: 41/47 MP: 4/4
  2323 | D:4      | Found a bloodstained altar of Trog.
  2335 | D:4      | Noticed Menkaure
  2350 | D:4      | Killed Menkaure
  2350 | D:4      | Reached skill level 5 in Armour
  2350 | D:4      | Reached skill level 1 in Dodging
  2350 | D:4      | Reached XP level 6. HP: 12/55 MP: 5/5
  2628 | D:4      | Reached skill level 5 in Fighting
  2798 | D:4      | Found a hazy altar of Hepliaklqana.
  3028 | D:4      | Reached skill level 5 in Shields
  3648 | D:5      | Entered Level 5 of the Dungeon
  3673 | D:5      | Reached skill level 5 in Long Blades
  3695 | D:5      | Found a blossoming altar of Fedhas.
  3733 | D:5      | Reached XP level 7. HP: 33/61 MP: 6/6
  3885 | D:5      | Got a slimy dagger
  3961 | D:5      | Reached skill level 6 in Shields
  4131 | D:5      | Found a glowing drain.
  4135 | Sewer    | Entered a sewer
  4228 | Sewer    | Noticed Purgy
  4244 | Sewer    | Killed Purgy
  4311 | Sewer    | Identified the +2 dagger "Jorphad" {drain, *Contam rC+
                  | Str+4 Dex+3 SInv} (You found it on level 5 of the Dungeon)
  4317 | Sewer    | Gained mutation: Your movements are slightly less
                  | encumbered by armour. (ER -2) [mutagenic glow]
  4478 | D:5      | Found a snail-covered altar of Cheibriados.
  4543 | D:5      | Found a staircase to the Ecumenical Temple.
  4621 | Temple   | Entered the Ecumenical Temple
  4682 | Temple   | Became a worshipper of Warmaster Okawaru
  4950 | D:6      | Found a white marble altar of Elyvilon.
  5040 | D:6      | Reached XP level 8. HP: 70/70 MP: 7/7
  5099 | D:6      | Reached skill level 7 in Shields
  5494 | D:6      | Found an ornate altar of the Wu Jian Council.
  5561 | D:6      | Found a burning altar of Makhleb.
  5939 | D:6      | Reached * piety under Okawaru
  6474 | D:7      | Reached skill level 8 in Shields
  6481 | D:7      | Noticed Prince Ribbit
  6486 | D:7      | HP: 3/71 [Prince Ribbit (14)]
  6493 | D:7      | Killed Prince Ribbit
  6493 | D:7      | Reached XP level 9. HP: 30/78 MP: 8/8
  6829 | D:7      | Found a bloodstained altar of Trog.
  7265 | D:7      | Reached ** piety under Okawaru
  7321 | D:7      | Reached skill level 9 in Shields
  7777 | D:8      | Reached skill level 10 in Long Blades
  7916 | D:8      | Reached *** piety under Okawaru
  8148 | D:8      | Reached XP level 10. HP: 86/86 MP: 9/9
  8370 | D:9      | Reached skill level 10 in Shields
  8457 | D:9      | Noticed Erica
  8474 | D:9      | Killed Erica
  8474 | D:9      | Reached **** piety under Okawaru
  8474 | D:9      | Received a gift from Okawaru
  8867 | D:9      | Found a staircase to the Lair.
  8934 | D:9      | Found a shattered altar of Ashenzari.
  8953 | D:9      | Noticed an ice statue
  9052 | D:10     | Entered Level 10 of the Dungeon
  9445 | D:10     | Noticed Maurice
  9457 | D:10     | Killed Maurice
  9457 | D:10     | Reached skill level 11 in Shields
  9563 | D:10     | Noticed Grum
  9576 | D:10     | Reached ***** piety under Okawaru
  9581 | D:10     | Killed Grum
  9915 | D:11     | Reached XP level 11. HP: 95/95 MP: 10/10
 10226 | D:11     | Noticed a two-headed ogre
 10233 | D:11     | Killed a two-headed ogre
 10233 | D:11     | Reached skill level 10 in Armour
 10315 | D:11     | Received a gift from Okawaru
 10318 | D:11     | Found a staircase to the Orcish Mines.
 11068 | Lair:1   | Entered Level 1 of the Lair of Beasts
 11275 | Lair:1   | Reached skill level 12 in Shields
 12157 | Lair:2   | Noticed Fannar
 12174 | Lair:1   | Reached XP level 12. HP: 72/106 MP: 11/11
 12324 | Lair:1   | Killed Fannar
 12324 | Lair:1   | Reached skill level 10 in Fighting
 12473 | Lair:2   | Received a gift from Okawaru
 12584 | Lair:2   | Found a hole to the Spider Nest.
 12639 | Lair:2   | Noticed a five-headed hydra
 12648 | Lair:2   | Killed a one-headed hydra
 12684 | Lair:2   | Reached skill level 13 in Shields
 12938 | Lair:2   | Found a staircase to the Swamp.
 13301 | Lair:2   | Reached ****** piety under Okawaru
 14104 | Lair:3   | Noticed Gastronok
 14288 | Lair:3   | Killed Gastronok
 14294 | Lair:3   | Reached skill level 14 in Shields
 15470 | Lair:4   | Noticed an eight-headed hydra
 15489 | Lair:4   | Killed a two-headed hydra
 15489 | Lair:4   | Received a gift from Okawaru
 15489 | Lair:4   | Reached XP level 13. HP: 103/116 MP: 12/12
 15491 | Lair:4   | Reached skill level 1 in Invocations
 15495 | Lair:4   | Got a pair of scorched boots {god gift}
 15503 | Lair:4   | Identified the +0 pair of boots of Bitterness {rElec}
                  | (Okawaru gifted it to you on level 4 of the Lair of Beasts)
 15630 | Lair:4   | Reached skill level 1 in Evocations
 16926 | D:12     | Found an opulent altar of Gozag.
 17970 | Lair:5   | Found a staircase to the Slime Pits.
 18379 | Lair:6   | Entered Level 6 of the Lair of Beasts
 18392 | Lair:6   | Found a labyrinth entrance.
 18402 | Lab      | Entered a labyrinth
 18640 | Lab      | Noticed a minotaur
 18657 | Lab      | Killed a minotaur
 18657 | Lab      | Reached skill level 15 in Long Blades
 18671 | Lab      | Identified the Tome of Curses
 18797 | Lair:6   | Received a gift from Okawaru
 19110 | Lair:6   | Reached skill level 15 in Shields
 19133 | Lair:6   | Received a gift from Okawaru
 20816 | Lair:6   | Received a gift from Okawaru
 20816 | Lair:6   | Reached XP level 14. HP: 122/127 MP: 14/14
 20819 | Lair:6   | Got an ichor-stained triple sword {god gift}
 21664 | Orc:1    | Entered Level 1 of the Orcish Mines
 21901 | Orc:2    | Entered Level 2 of the Orcish Mines
 21919 | Orc:2    | Found a staircase to the Elven Halls.
 22231 | Orc:2    | Reached skill level 16 in Shields
 22647 | Orc:2    | Received a gift from Okawaru
 22652 | Orc:2    | Got a scorched long sword {god gift}
 22653 | Orc:2    | Identified the +9 long sword of Sharkskin {flame, Dex+5}
                  | (Okawaru gifted it to you on level 2 of the Orcish Mines)
 22701 | Orc:2    | HP: 3/129 [orc priest/divine providence (16)]
 23204 | Orc:2    | Found Kodam's Food Boutique.
 23204 | Orc:2    | Found Toishrai's Weapon Boutique.
 23205 | Orc:2    | Found Naif's Magic Scroll Shop.
 23208 | Orc:2    | Found Ebrighot's General Store.
 23213 | Orc:2    | Bought a scroll of enchant armour for 127 gold pieces
 23215 | Orc:2    | Bought a scroll of holy word for 127 gold pieces
 23215 | Orc:2    | Bought a scroll of identify for 34 gold pieces
 23330 | Orc:2    | Noticed Erolcha
 23338 | Orc:2    | Killed Erolcha
 23813 | D:13     | Found Qikhagu's Assorted Antiques.
 24520 | D:14     | Received a gift from Okawaru
 24791 | D:14     | Found a gate to the Vaults.
 24812 | D:14     | Reached skill level 17 in Shields
 24843 | D:14     | Reached XP level 15. HP: 109/138 MP: 15/15
 24975 | D:14     | Found a blossoming altar of Fedhas.
 25001 | D:14     | Found the +9 scales of the Dragon King {rPois rF+ rC+ MR+}
 25358 | D:15     | Entered Level 15 of the Dungeon
 25529 | D:15     | Found a shattered altar of Ashenzari.
 25729 | D:15     | Found a staircase to the Depths.
 25794 | D:15     | Received a gift from Okawaru
 25814 | D:15     | Got a crystal double sword {god gift}
 25815 | D:15     | Identified the +6 double sword "Killer Klown's Regret"
                  | {drain, rC- Int+7 Dex+8} (Okawaru gifted it to you on level
                  | 15 of the Dungeon)
 26128 | D:15     | Reached skill level 15 in Fighting
 26371 | D:15     | Reached skill level 18 in Shields
 26789 | Swamp:1  | Entered Level 1 of the Swamp
 26879 | Swamp:1  | Received a gift from Okawaru
 27973 | Swamp:2  | Reached skill level 15 in Armour
 28408 | Swamp:2  | Reached XP level 16. HP: 137/149 MP: 16/16
 28957 | Swamp:3  | Received a gift from Okawaru
 29008 | Swamp:3  | Found a large runed door.
 29008 | Swamp:3  | Found a large runed door.
 29009 | Swamp:3  | Noticed Xuaf's ghost (adept MiBe)
 29132 | Swamp:3  | Killed Xuaf's ghost
 29199 | Swamp:3  | Reached skill level 19 in Shields
 29632 | Swamp:3  | Found an opulent altar of Gozag.
 29671 | Swamp:3  | Noticed a thorn hunter
 29685 | Swamp:3  | Killed a thorn hunter
 29977 | Swamp:3  | Noticed a thorn hunter
 29990 | Swamp:3  | Killed a thorn hunter
 30205 | Swamp:4  | Entered Level 4 of the Swamp
 30699 | Swamp:4  | Received a gift from Okawaru
 30934 | Swamp:4  | Received a gift from Okawaru
 31122 | Swamp:4  | Noticed the 27-headed Lernaean hydra
 31129 | Swamp:4  | Killed the 24-headed Lernaean hydra
 31129 | Swamp:4  | Reached skill level 20 in Shields
 31561 | Swamp:4  | Received a gift from Okawaru
 31624 | Swamp:4  | Got a decaying rune of Zot
 31815 | Swamp:4  | Reached XP level 17. HP: 138/158 MP: 17/17
 32229 | Spider:1 | Entered Level 1 of the Spider Nest
 33416 | Spider:2 | Received a gift from Okawaru
 33419 | Spider:2 | Got a shimmering hat {god gift}
 33433 | Spider:2 | Identified the +1 hat "Hoxkov" {rElec rC- rN++ Str+2}
                  | (Okawaru gifted it to you on level 2 of the Spider Nest)
 34303 | Spider:3 | Reached skill level 21 in Shields
 34517 | Spider:3 | Noticed Jorgrun
 34517 | Spider:3 | Noticed Agnes
 34542 | Spider:3 | Killed Jorgrun
 34548 | Spider:3 | Killed Agnes
 34984 | Spider:4 | Entered Level 4 of the Spider Nest
 35456 | Spider:4 | Paralysed by a hornet for 2 turns
 35468 | Spider:3 | Received a gift from Okawaru
 36815 | Spider:4 | Noticed Roxanne
 36828 | Spider:4 | Received a gift from Okawaru
 37015 | Spider:4 | Reached XP level 18. HP: 138/170 MP: 0/18
 37341 | Spider:4 | Got a gossamer rune of Zot
 37465 | Spider:4 | Killed Roxanne
 37465 | Spider:4 | Reached skill level 22 in Shields
 37796 | D:14     | Identified a scroll of acquirement
 37997 | Elf:1    | Entered Level 1 of the Elven Halls
 38433 | Elf:1    | Found Vuyqaom's Armour Boutique.
 38511 | Elf:1    | Received a gift from Okawaru
 38530 | Elf:1    | Got a shimmering falchion {god gift}
 38531 | Elf:1    | Identified the +1 falchion of a Thousand Planets {slice,
                  | rElec} (Okawaru gifted it to you on level 1 of the Elven
                  | Halls)
 39546 | Elf:2    | Got a jewelled cloak
 39552 | Elf:2    | Identified the +0 cloak "Duwk" {Stlth+} (You found it on
                  | level 2 of the Elven Halls)
 39713 | Elf:2    | Received a gift from Okawaru
 39787 | Elf:2    | Found a huge runed gate.
 39787 | Elf:2    | Found a huge runed gate.
 39787 | Elf:2    | Found a huge runed gate.
 39787 | Elf:2    | Found a huge runed gate.
 39787 | Elf:2    | Found a huge runed gate.
 40436 | Elf:2    | Reached skill level 23 in Shields
 40499 | Elf:2    | Cast into level 3 of the Abyss (halberd of distortion)
 40547 | Abyss:4  | Found a corrupted altar of Lugonu.
 40551 | Abyss:4  | Found a sacrificial altar of Ru.
 40577 | Abyss:4  | Noticed a lich
 40588 | Abyss:4  | Killed a lich
 40633 | Abyss:4  | Gained mutation: You are weak. (Str -2) [a cacodemon]
 40667 | Abyss:4  | Found a sacrificial altar of Ru.
 40667 | Abyss:4  | Gained mutation: Scrolls take you a little longer to read.
                  | [a neqoxec]
 40678 | Abyss:4  | Found a corrupted altar of Lugonu.
 40687 | Abyss:4  | Paralysed by accursed screaming for 2 turns
 40700 | Abyss:4  | Found a corrupted altar of Lugonu.
 40700 | Abyss:4  | Found a sacrificial altar of Ru.
 40780 | Elf:2    | Escaped the Abyss
 40790 | Elf:2    | Received a gift from Okawaru
 40980 | Elf:2    | Noticed Azrael
 40993 | Elf:2    | Killed Azrael
 41037 | Elf:2    | Reached XP level 19. HP: 69/179 MP: 19/19
 41481 | Elf:3    | Entered Level 3 of the Elven Halls
 41544 | Elf:3    | Found Qovuhost's Jewellery Shop.
 41912 | Elf:3    | Found a portal to a secret trove of treasure.
 42137 | Elf:3    | Noticed a Tzitzimitl
 42144 | Elf:3    | Received a gift from Okawaru
 42150 | Elf:3    | Got a smoking long sword {god gift}
 42624 | Elf:3    | HP: 4/179 [earth elemental[a deep elf elementalist] (14)]
 42625 | Elf:3    | Killed from afar by a hellion

Skill      XL: |  1  2  3  4  5  6  7  8  9 10 11 12 13 14 15 16 17 18 19 |
---------------+----------------------------------------------------------+-----
Armour         | 4 5 7 8 9 10 11 13 14 15 16 17 | 17.8
Fighting       | 4 5 6 7 8 9 11 12 14 15 16 17 18 | 18.1
Long Blades    | 3 4 5 6 8 10 12 13 14 15 16 17 18 19 | 19.0
Shields        | 4 5 6 8 9 11 12 14 15 17 18 20 21 23 | 23.6
Stealth        | 1 2 |  2.8
Dodging        | 1 2 3 |  3.7
Invocations    | 1 |  1.4
Evocations     | 1 |  1.5
Axes           | |  0.1

Action                   |  1- 3 |  4- 6 |  7- 9 | 10-12 | 13-15 | 16-18 | 19-21 || total
-------------------------+-------+-------+-------+-------+-------+-------+-------++-------
Melee: Long sword        |    98 |   103 |   292 |       |   632 |  1606 |   207 ||  2938
       Headbutt          |    18 |    23 |   100 |   178 |   547 |   590 |    52 ||  1508
       War axe           |       |       |     4 |       |       |       |       ||     4
       Falchion          |       |       |   190 |   102 |       |       |       ||   292
       Scimitar          |       |       |       |   688 |   720 |       |       ||  1408
       Double sword      |       |       |       |       |   105 |       |       ||   105
Invok: Heroism           |       |       |       |     3 |     3 |       |       ||     6
Evoke: Wand              |       |       |     1 |     9 |     2 |     2 |       ||    14
  Use: Scroll            |       |    10 |     5 |     3 |     8 |    11 |     2 ||    39
       Potion            |       |       |     3 |     1 |     3 |     1 |     1 ||     9
 Stab: Distracted        |       |       |       |       |       |     1 |       ||     1
  Eat: Chunk             |     1 |     7 |    15 |    22 |    22 |    34 |     3 ||   104
       Ration            |       |       |       |     1 |     6 |     2 |     1 ||    10
Armor: Scale mail        |    47 |    28 |    35 |       |       |       |       ||   110
       Plate armour      |       |       |   161 |   274 |   352 |       |       ||   787
       Gold dragon scale |       |       |       |       |   256 |  1393 |    52 ||  1701
Dodge: Dodged            |    31 |    35 |   112 |   160 |   362 |   645 |    22 ||  1367
Block: Shield            |    52 |    77 |   352 |   520 |   966 |  1350 |       ||  3317
       Reflection        |       |       |     2 |    12 |    12 |     8 |       ||    34
       Large shield      |       |       |       |       |       |   656 |   193 ||   849
       Rpst.: Long sword |     8 |     8 |    24 |       |    43 |    99 |     6 ||   188
       Falchion          |       |       |     8 |     5 |       |       |       ||    13
       Scimitar          |       |       |       |    34 |    56 |       |       ||    90
       Double sword      |       |       |       |       |     6 |       |       ||     6
